 Dungeon Crawl Stone Soup version 0.20.0-7-g3b7b877 (webtiles) character file.

12311 mopl the Arsonist (level 11, -10/61 HPs)
             Began as a Deep Elf Fire Elementalist on May 29, 2017.
             Was a High Priest of Vehumet.
             Shot with a bolt by an orc knight (36 damage)
             ... in a bailey.
             The game lasted 00:28:26 (10786 turns).

mopl the Arsonist (Deep Elf Fire Elementalist)     Turns: 10786, Time: 00:28:27

Health: -10/61     AC:  5    Str:  5    XL:     11   Next: 60%
Magic:  8/27       EV: 15    Int: 24    God:    Vehumet [*****.]
Gold:   509        SH:  0    Dex: 15    Spells: 9/30 levels left

rFire    . . .     SeeInvis .   y - +0 dagger (venom)
rCold    . . .     Gourm    .   (no shield)
rNeg     . . .     Faith    .   a - +0 robe
rPois    .         Spirit   .   (no helmet)
rElec    .         Reflect  .   B - +0 cloak (curse)
rCorr    +         Harm     .   z - +0 pair of gloves
MR       +....                  p - +0 pair of boots
Stlth    ++........             (no amulet)
Regen    0.2/turn               t - ring of resist corrosion
MPRegen  0.2/turn               O - +2 ring of evasion

@: no status effects
A: no striking features
a: Renounce Religion


You were in a bailey.
You worshipped Vehumet.
Vehumet was extremely pleased with you.
You were very hungry.

You visited 1 branch of the dungeon, and saw 10 of its levels.
You also visited: Bailey.

You collected 509 gold pieces.

Inventory:

Hand Weapons
 q - a +0 dagger of draining
 y - a +0 dagger of venom (weapon)
 D - a +0 falchion of flaming
 I - a +0 quarterstaff
Armour
 a - a +0 robe (worn)
 p - a +0 pair of boots (worn)
 z - a +0 pair of gloves (worn)
 B - a cursed +0 cloak (worn)
 Q - a +3 troll leather armour {Snorg}
Magical Staves
 M - an uncursed staff of cold
Jewellery
 t - a ring of resist corrosion (left hand)
 O - a +2 ring of evasion (right hand)
Wands
 d - a wand of lightning (8/15)
 u - a wand of lightning (3/15)
 C - a wand of confusion (11/48)
 H - a wand of lightning (5/15)
 J - a wand of digging (1/24)
 L - a wand of random effects (25/48)
Scrolls
 b - 2 scrolls of identify
 e - 7 scrolls of teleportation
 k - 3 scrolls of remove curse {unknown}
 l - 2 scrolls of recharging {unknown}
 n - 3 scrolls of magic mapping {unknown}
 r - 2 scrolls of immolation {unknown}
 s - 2 scrolls of amnesia {unknown}
 w - a scroll of fog {unknown}
 A - a scroll of fear {unknown}
 N - a scroll of enchant armour {unknown}
Potions
 g - 2 potions of curing
 h - 3 potions of lignification {!q}
 i - 3 potions of haste
 j - a potion of might
 m - a potion of cancellation
 o - 2 potions of magic
 v - a potion of mutation {!q}
 x - a potion of ambrosia
 K - a potion of berserk rage {unknown}
Miscellaneous
 P - a box of beasts
Comestibles
 c - 5 bread rations
 f - 6 meat rations
 F - 9 fruits
 G - 4 royal jellies


   Skills:
 + Level 4.0 Fighting
 - Level 2.4 Dodging
 - Level 2.4 Stealth
 + Level 10.4 Spellcasting
 * Level 11.7 Conjurations
 * Level 12.3 Fire Magic
 + Level 5.1 Evocations


You had 9 spell levels left.
You knew the following spells:

 Your Spells              Type           Power        Failure   Level  Hunger
a - Flame Tongue          Conj/Fire      #####        1%          1    None
c - Conjure Flame         Conj/Fire      ######..     1%          3    None
d - Sticky Flame          Conj/Fire      ######..     1%          4    #......
f - Fireball              Conj/Fire      ######....   1%          5    ####...
h - Inner Flame           Hex/Fire       #####...     1%          3    None
i - Irradiate             Conj/Tmut      #####.....   3%          5    ####...


Dungeon Overview and Level Annotations

Branches:
Dungeon (10/15)            Temple (0/1) D:5            Lair (0/6) D:9
    Orc: D:9-12

Altars:
Elyvilon
Fedhas
Hepliaklqana
Qazlal
Vehumet
Xom
Yredelemnul
Zin

Shops:
D:8 %


Message History

The orc knight shoots a bolt.
The bolt hits you!!
Found a scale mail.
You see here a bolt.
The orc knight shoots a bolt.
The bolt hits you!!
* * * LOW HITPOINT WARNING * * *
You see here a bolt.
Things that are here:
an arbalest; 14 bolts; a chain mail
Okay, then.
Unknown command.
You feel much better.
Evoke which item? (* to show all) (? for menu, Esc to quit)
Aiming: Confuse
Press: ? - help, Shift-Dir - straight line, f - orc knight
Aim: an orc knight, wielding an arbalest and wearing a scale mail (moderately wounded, chance to defeat MR: 44%)
The orc knight resists with some effort.
This wand has 11 charges left.
The orc knight shoots a bolt.
The bolt hits you!!!
Ouch! That really hurt!
You die...

### ###### ##∩##
#.....##(((# ..
..≈≈≈..#().#..≈≈
.≈≈[≈≈..()...≈≈
.≈.)o≈.@...§.≈))
.≈≈.≈≈.......§≈)≈
..≈≈≈..#...#..≈≈≈
#.....##...##.)§.
###### ##∩## ####
##


You could see an orc knight.

Vanquished Creatures
  Snorg (D:10)
  A hydra (D:8)
  2 two-headed ogres
  3 orc knights (Bailey)
  Maurice (D:8)
  2 dream sheep (D:8)
  2 hippogriffs (D:7)
  7 yaks
  A steam dragon (D:9)
  2 hungry ghosts
  A soldier ant (D:8)
  2 sky beasts
  A phantom (D:5)
  4 ice beasts
  15 orc warriors
  A necrophage (D:9)
  6 ogres
  6 big kobolds
  Blork the orc (D:5)
  2 bullfrogs
  A wyvern zombie (D:7)
  4 scorpions
  5 killer bees (D:8)
  4 howler monkeys
  4 crimson imps
  2 quasits
  5 bullfrog zombies
  7 orc wizards
  3 centaur skeletons
  A jelly (D:8)
  4 orc priests
  4 bullfrog skeletons (D:5)
  2 hounds
  A gnoll shaman (D:7)
  Jessica (D:3)
  An iguana (D:8)
  16 worker ants
  2 hound zombies (D:5)
  A hound skeleton (D:4)
  A worker ant zombie (D:5)
  3 gnolls (D:7)
  10 adders
  A shadow imp (D:5)
  2 oozes
  4 adder zombies (D:5)
  3 adder skeletons
  4 worms
  3 dart slugs
  4 leopard geckos
  28 orcs
  2 ball pythons (D:3)
  8 bats
  9 giant cockroaches
  8 goblins
  5 hobgoblins
  19 jackals
  5 quokkas
  3 frilled lizards
  A jackal skeleton (D:4)
  A jackal zombie (D:5)
  23 kobolds
  A leopard gecko zombie (D:5)
  5 quokka skeletons
  3 quokka zombies (D:5)
  9 rats
  A spectral orc (D:8)
  2 butterflies (D:8)
297 creatures vanquished.

Vanquished Creatures (others)
  An orc (D:8)
  A jackal (D:8)
  A plant (D:8)
3 creatures vanquished.

Grand Total: 300 creatures vanquished

Notes
Turn   | Place    | Note
-------+----------+-------------------------------------------
     0 | D:1      | mopl the Deep Elf Fire Elementalist began the quest for the Orb.
     0 | D:1      | Reached XP level 1. HP: 10/10 MP: 6/6
   308 | D:1      | Reached XP level 2. HP: 15/15 MP: 4/8
   445 | D:1      | Reached skill level 2 in Conjurations
   879 | D:2      | Reached XP level 3. HP: 19/19 MP: 2/10
   884 | D:2      | Learned a level 3 spell: Conjure Flame
  1050 | D:2      | Reached skill level 4 in Fire Magic
  1179 | D:2      | Reached skill level 3 in Conjurations
  1239 | D:2      | Reached XP level 4. HP: 24/24 MP: 8/11
  1278 | D:2      | Learned a level 4 spell: Sticky Flame
  1625 | D:3      | Found a radiant altar of Vehumet.
  1632 | D:3      | Became a worshipper of Vehumet
  1665 | D:3      | Noticed Jessica
  1670 | D:3      | Killed Jessica
  1852 | D:3      | Found a blossoming altar of Fedhas.
  1881 | D:3      | Reached XP level 5. HP: 28/28 MP: 6/12
  1945 | D:3      | Reached skill level 4 in Spellcasting
  2189 | D:3      | Found a white marble altar of Elyvilon.
  2427 | D:4      | Reached skill level 4 in Conjurations
  2427 | D:4      | Reached skill level 5 in Fire Magic
  2431 | D:4      | Reached * piety under Vehumet
  2431 | D:4      | Offered knowledge of Sandblast by Vehumet.
  2504 | D:4      | Found a shimmering altar of Xom.
  2578 | D:4      | Reached XP level 6. HP: 29/32 MP: 7/14
  2595 | D:4      | Learned a level 5 spell: Fireball
  2934 | D:5      | Entered Level 5 of the Dungeon
  3436 | D:5      | Noticed Blork the orc
  3442 | D:5      | Killed Blork the orc
  3442 | D:5      | Reached skill level 5 in Conjurations
  3442 | D:5      | Reached skill level 6 in Fire Magic
  3444 | D:5      | Reached skill level 5 in Spellcasting
  3444 | D:5      | Reached XP level 7. HP: 12/36 MP: 8/16
  3892 | D:5      | Offered knowledge of Magic Dart by Vehumet.
  3895 | D:5      | Reached ** piety under Vehumet
  3942 | D:5      | Found a stormy altar of Qazlal.
  4140 | D:5      | Found a staircase to the Ecumenical Temple.
  4286 | D:5      | Reached skill level 7 in Fire Magic
  4310 | D:5      | Reached skill level 6 in Conjurations
  4715 | D:6      | Reached skill level 6 in Spellcasting
  4715 | D:6      | Reached XP level 8. HP: 41/41 MP: 10/19
  4861 | D:6      | Reached skill level 7 in Conjurations
  5154 | D:6      | Offered knowledge of Searing Ray by Vehumet.
  5531 | D:6      | Reached skill level 8 in Fire Magic
  5604 | D:7      | Noticed a hippogriff
  5619 | D:7      | Killed a hippogriff
  6010 | D:7      | Reached skill level 7 in Spellcasting
  6077 | D:7      | Reached *** piety under Vehumet
  6082 | D:7      | Reached skill level 8 in Conjurations
  6083 | D:7      | Noticed a hippogriff
  6098 | D:7      | Killed a hippogriff
  6098 | D:7      | Reached skill level 9 in Fire Magic
  6098 | D:7      | Reached XP level 9. HP: 34/45 MP: 6/22
  6472 | D:7      | Offered knowledge of Ignite Poison by Vehumet.
  6767 | D:7      | Reached skill level 9 in Conjurations
  6837 | D:7      | Found a hazy altar of Hepliaklqana.
  6865 | D:7      | Reached skill level 8 in Spellcasting
  6896 | D:8      | Reached skill level 10 in Fire Magic
  6982 | D:8      | Found Heroqut's Food Shoppe.
  7125 | D:8      | Noticed Maurice
  7146 | D:8      | Killed Maurice
  7146 | D:8      | Reached skill level 1 in Evocations
  7171 | D:8      | Found a glowing silver altar of Zin.
  7171 | D:8      | Noticed an angel
  7238 | D:8      | Found a basalt altar of Yredelemnul.
  7313 | D:8      | Found a runed door.
  7331 | D:8      | Reached skill level 1 in Fighting
  7331 | D:8      | Reached skill level 2 in Evocations
  7332 | D:8      | Reached **** piety under Vehumet
  7418 | D:7      | Learned a level 3 spell: Inner Flame
  7534 | D:8      | Reached XP level 10. HP: 52/52 MP: 13/24
  7534 | D:8      | Offered knowledge of Dazzling Spray by Vehumet.
  7712 | D:8      | Noticed a three-headed hydra
  7722 | D:8      | Killed a three-headed hydra
  7722 | D:8      | Reached skill level 2 in Fighting
  7722 | D:8      | Reached skill level 10 in Conjurations
  7722 | D:8      | Reached skill level 3 in Evocations
  7725 | D:8      | Reached skill level 11 in Fire Magic
  7818 | D:8      | Found a runed door.
  8156 | D:8      | Reached skill level 9 in Spellcasting
  8938 | D:9      | Reached skill level 4 in Evocations
  9123 | D:9      | Noticed a two-headed ogre
  9131 | D:9      | Killed a two-headed ogre
  9131 | D:9      | Reached skill level 11 in Conjurations
  9403 | D:9      | Reached XP level 11. HP: 59/59 MP: 20/26
  9409 | D:9      | Reached ***** piety under Vehumet
  9600 | D:9      | Found a staircase to the Lair.
  9609 | D:9      | Reached skill level 3 in Fighting
  9664 | D:9      | Offered knowledge of Irradiate by Vehumet.
  9676 | D:9      | Learned a level 5 spell: Irradiate
 10266 | D:10     | Entered Level 10 of the Dungeon
 10320 | D:10     | Noticed Snorg
 10329 | D:10     | Killed Snorg
 10397 | D:10     | Noticed a two-headed ogre
 10436 | D:10     | Killed a two-headed ogre
 10436 | D:10     | Reached skill level 10 in Spellcasting
 10492 | D:10     | Reached skill level 12 in Fire Magic
 10539 | D:10     | Found a flagged portal.
 10544 | Bailey   | Entered a bailey
 10544 | Bailey   | Noticed an orc knight
 10544 | Bailey   | Noticed an orc knight
 10645 | Bailey   | Noticed an orc knight
 10645 | Bailey   | Noticed an orc knight
 10655 | Bailey   | Killed an orc knight
 10661 | Bailey   | Reached skill level 5 in Evocations
 10780 | Bailey   | Killed an orc knight
 10780 | Bailey   | Reached skill level 4 in Fighting
 10781 | Bailey   | Killed an orc knight
 10786 | Bailey   | Shot with a bolt by an orc knight

Skill      XL: |  1  2  3  4  5  6  7  8  9 10 11 |
---------------+----------------------------------+-----
Conjurations   | 2 3 4 5 6 8 9 11 | 11.7
Fire Magic     | 4 5 6 7 9 10 11 12 | 12.3
Spellcasting   | 4 5 6 7 8 9 10 | 10.4
Evocations     | 2 4 5 |  5.1
Fighting       | 1 2 4 |  4.0
Dodging        | |  2.4
Stealth        | |  2.4

Action                   |  1- 3 |  4- 6 |  7- 9 | 10-12 || total
-------------------------+-------+-------+-------+-------++-------
Melee: Unarmed           |       |     1 |       |       ||     1
       Dagger            |       |    95 |    66 |   194 ||   355
 Cast: Flame Tongue      |    66 |    69 |   174 |    84 ||   393
       Conjure Flame     |     1 |     3 |    15 |    17 ||    36
       Sticky Flame      |       |     6 |    21 |    24 ||    51
       Fireball          |       |       |    12 |    24 ||    36
       Inner Flame       |       |       |       |     3 ||     3
       Irradiate         |       |       |       |     2 ||     2
Evoke: Wand              |       |       |       |    17 ||    17
  Use: Scroll            |       |       |    10 |       ||    10
       Potion            |       |       |       |     2 ||     2
 Stab: Sleeping          |       |     3 |       |     1 ||     4
       Distracted        |       |     1 |       |     1 ||     2
  Eat: Chunk             |     1 |     5 |    14 |    13 ||    33
       Royal jelly       |       |     1 |       |       ||     1
       Bread ration      |       |       |     1 |       ||     1
       Fruit             |       |       |       |     3 ||     3
Armor: Robe              |     5 |    25 |    21 |    65 ||   116
       Skin              |       |       |       |     1 ||     1
Dodge: Dodged            |    20 |   111 |    96 |   166 ||   393
